 Dungeon Crawl Stone Soup version 0.31-a0-263-ge8cad7f256 (webtiles) character file.

Game seed: 4939680707676737230

1028 qw the Skirmisher (level 8, -9/68 HPs)
             Began as a Minotaur Hexslinger on July 13, 2023.
             Mangled by a gnoll
             ... wielding a +0 halberd
             ... led by a gnoll sergeant
              (14 damage)
             ... on level 6 of the Dungeon.
             The game lasted 00:01:43 (4894 turns).

qw the Skirmisher (Minotaur Hexslinger)             Turns: 4894, Time: 00:01:44

Health: -9/68      AC:  5    Str: 13    XL:     8   Next: 3%
Magic:  9/9        EV: 13    Int: 10    God:
Gold:   1466       SH:  0    Dex: 15    Spells: 8/9 levels left

rFire   . . .        Y - +1 sling
rCold   . . .        (no shield)
rNeg    . . .        a - +0 leather armour of Gadd {Slay+6}
rPois   .            (helmet restricted)
rElec   .            k - +0 cloak
rCorr   .            h - +0 pair of gloves
SInv    .            (no boots)
Will    .....        (no amulet)
Stlth   +++          (no ring)
HPRegen 0.31/turn    (no ring)
MPRegen 0.11/turn

%: no passive effects
@: lethally poisoned (-9 -> -13)
A: horns 2, retaliatory headbutt, camouflage 2, high MP 1
a: no special abilities


You were on level 6 of the Dungeon.
You visited 1 branch of the dungeon, and saw 6 of its levels.

You collected 1515 gold pieces.
You spent 49 gold pieces at shops.


Innate Abilities, Weirdness & Mutations

You have a pair of horns on your head.
You reflexively headbutt those who attack you in melee.
Your skin blends seamlessly with your surroundings (Stealth++).
You have an increased reservoir of magic. (+10% MP)


   Skills:
 - Level 5.2 Fighting
 + Level 8.7 Ranged Weapons
 - Level 1.2 Armour
 - Level 3.5 Dodging
 - Level 1.0 Spellcasting
 - Level 2.0 Hexes


You had 8 spell levels left.
You knew the following spells:

 Your Spells              Type           Power      Damage    Failure   Level
a - Slow                  Hex            16%        N/A       19%         1

Your spell library contained the following spells:

 Spells                   Type           Power      Damage    Failure   Level
 Inner Flame              Hex/Fire       2%         N/A       65%         3
 Portal Projectile        Hex/Tloc       4%         N/A       65%         3
 Cause Fear               Hex            2%         N/A       88%         4

Inventory:

Hand Weapons
 Y - a +1 sling (weapon)
Armour
 a - the +0 leather armour of Gadd (worn) {Slay+6}
   (You found it on level 2 of the Dungeon)

   Slay:      It affects your accuracy & damage with ranged weapons and melee
   (+6).
 h - a +0 pair of gloves (worn)
 k - a +0 cloak (worn)
Scrolls
 l - a scroll of identify
Potions
 b - a potion of degeneration {unknown}
 d - a potion of curing
 f - a potion of haste {unknown}
 g - a potion of lignification {unknown}
 i - a potion of invisibility {unknown}
 j - a potion of enlightenment {unknown}

Dungeon Overview and Level Annotations

Branches:
Dungeon (6/15)
 Temple: D:4-7

Altars:
Elyvilon
Vehumet
Yredelemnul
Zin
The Shining One

Shops:
D:3 [

Annotations:
D:4 1 runed translucent door, Crazy Yiuf


Message History

The sling bullet barely misses the gnoll sergeant.
The gnoll shouts!
You feel extremely sick.
The gnoll sergeant hits you from afar with a +5 spear of venom.
You shoot a sling bullet.
The sling bullet hits the gnoll sergeant.
You kill the gnoll sergeant!
You feel very sick.
You have reached level 8!
You feel stronger.
4888 ||| DRINKING potion of heal wounds.
You feel much better.
You feel very sick.
The gnoll hits you from afar with a +0 spear.
You shoot a sling bullet.
The sling bullet completely misses the gnoll.
You feel very sick. The gnoll closely misses you.
You shoot a sling bullet. The sling bullet hits the gnoll!
The gnoll is severely wounded.
You feel very sick. The gnoll hits you but does no damage.
You shoot a sling bullet. The sling bullet hits the gnoll.
The gnoll is almost dead.
You feel very sick.
The gnoll throws a throwing net.
The throwing net closely misses you.
You shoot a sling bullet.
The sling bullet closely misses the gnoll.
The sling bullet hits the gnoll.
The gnoll is moderately wounded.
You feel sick.
The gnoll throws a throwing net.
The throwing net barely misses you.
You shoot a sling bullet. The sling bullet hits the gnoll.
You kill the gnoll!
You feel sick.
The gnoll hits you from afar with a +0 halberd!
You shoot a sling bullet.
The sling bullet closely misses the gnoll.
You feel sick.
The gnoll hits you from afar with a +0 halberd!
You die...

##.###.#....#
...#...#.... g#
#....#.?... ###.###
#...##.#.. ......#
.<.....#.# ......#
.....###.# .../..#
..##.....##### ......#
..##.........# ###).....#
#.####..####.# #@gg.....#
#.# #...###.###.#.....)#
..##...#.........#..)...#
..<..####[.?.....########
#.#............#...#
#.##.####.......##.######
.. # #.....#.........# .#
#.....###.......# .#
####### #.......#


You could see 2 gnolls.

Vanquished Creatures
  Edmund (D:5)
  An ice beast (D:5)
  A centaur (D:6)
  2 phantoms
  A gnoll sergeant (D:6)
  2 jellies (D:5)
  4 hounds
  4 iguanas
  Natasha (thrice) (D:4)
  An orc wizard (D:4)
  A gnoll (D:6)
  5 adders
  3 white imps
  An ufetubus (D:4)
  3 worms
  3 dart slugs
  9 orcs
  3 ball pythons
  A bat (D:2)
  8 endoplasms
  2 giant cockroaches
  6 goblins
  5 hobgoblins
  5 jackals (D:1)
  4 quokkas
  4 frilled lizards
  5 kobolds
  4 rats
92 creatures vanquished.

Notes
Turn   | Place    | Note
-------+----------+-------------------------------------------
     0 | D:1      | qw the Minotaur Hexslinger began the quest for the Orb.
     0 | D:1      | Reached XP level 1. HP: 16/16 MP: 1/1
     0 | D:1      | 0 ||| qw: Version: 0.3-a-52-g30416fa
     0 | D:1      | 0 ||| qw: Game counter: 7253
     0 | D:1      | 0 ||| qw: Melee chars always use a shield: true
     0 | D:1      | 0 ||| qw: God list: Okawaru
     0 | D:1      | 0 ||| qw: Allow faded altars: false
     0 | D:1      | 0 ||| qw: Do Orc after clearing Dungeon:15 true
     0 | D:1      | 0 ||| qw: Do second Lair branch before Depths: true
     0 | D:1      | 0 ||| qw: Lair rune preference: random
     0 | D:1      | 0 ||| qw: Goals: Normal
     0 | D:1      | 0 ||| PLANNING D:1-11
   181 | D:1      | Reached skill level 3 in Ranged Weapons
   181 | D:1      | Reached XP level 2. HP: 23/23 MP: 2/2
   426 | D:1      | Found a faded altar of an unknown god.
   719 | D:1      | 719 ||| UPGRADING to +0 ring mail.
   729 | D:1      | 729 ||| DROPPING +0 robe.
   730 | D:1      | 730 ||| READING scroll labelled LYCIFA AGHALAX.
   731 | D:1      | 731 ||| READING scroll labelled BEH UCWETEALE.
   732 | D:1      | 732 ||| READING scroll labelled ZEIFFOYJUR.
   733 | D:1      | 733 ||| DROPPING scroll of poison.
   777 | D:2      | Reached XP level 3. HP: 26/29 MP: 3/3
   804 | D:2      | Identified the +0 leather armour of Gadd {Slay+6}
   899 | D:2      | Found a basalt altar of Yredelemnul.
  1362 | D:2      | Reached skill level 4 in Ranged Weapons
  1437 | D:2      | Reached skill level 1 in Armour
  1594 | D:2      | 1594 ||| UPGRADING to +0 leather armour of Gadd {Slay+6}.
  1604 | D:2      | 1604 ||| DROPPING +0 ring mail.
  1605 | D:2      | 1605 ||| READING scroll labelled TUNAYR DODEU.
  1606 | D:2      | 1606 ||| READING scroll labelled CECVUO ZAODUWK.
  2096 | D:3      | Found Qypruujo's Armour Boutique.
  2100 | D:3      | 2100 ||| BUYING +0 pair of gloves (49 gold).
  2100 | D:3      | Bought a +0 pair of gloves for 49 gold pieces
  2100 | D:3      | 2100 ||| SHOPLISTING +1 robe of Vito {rC- Will- Dex+6} (155
                  | gold, have 96).
  2142 | D:3      | Reached XP level 4. HP: 20/36 MP: 4/4
  2420 | D:3      | 2420 ||| UPGRADING to +0 pair of gloves.
  2425 | D:3      | 2425 ||| READING scroll labelled PAIS COENECAV.
  2593 | D:4      | Reached skill level 5 in Ranged Weapons
  2597 | D:4      | Reached XP level 5. HP: 38/44 MP: 5/5
  2710 | D:4      | Noticed Natasha
  2713 | D:4      | 2713 ||| Stepping ~*~*~tactically~*~*~ (outnumbered).
  2715 | D:4      | 2715 ||| Stepping ~*~*~tactically~*~*~ (outnumbered).
  2717 | D:4      | Killed Natasha
  2718 | D:4      | Reached skill level 3 in Fighting
  2730 | D:4      | Found a glowing golden altar of the Shining One.
  2731 | D:4      | Found a glowing silver altar of Zin.
  2732 | D:4      | Found a white marble altar of Elyvilon.
  2801 | D:4      | Noticed a phantom
  2805 | D:4      | Killed a phantom
  2819 | D:4      | Reached skill level 6 in Ranged Weapons
  2819 | D:4      | Reached XP level 6. HP: 38/51 MP: 6/6
  2884 | D:4      | Found a radiant altar of Vehumet.
  2968 | D:4      | Noticed Natasha
  2974 | D:4      | Killed Natasha
  2975 | D:4      | 2975 ||| FLEEEEING.
  2976 | D:4      | 2976 ||| FLEEEEING.
  2977 | D:4      | 2977 ||| FLEEEEING.
  2978 | D:4      | 2978 ||| FLEEEEING.
  2979 | D:4      | 2979 ||| FLEEEEING.
  2980 | D:4      | 2980 ||| FLEEEEING.
  2987 | D:4      | 2987 ||| FLEEEEING.
  2988 | D:4      | 2988 ||| FLEEEEING.
  3163 | D:4      | Found a runed translucent door.
  3164 | D:4      | Noticed Crazy Yiuf
  3167 | D:4      | 3167 ||| READING scroll labelled ZOFIOT JUIS.
  3168 | D:4      | 3168 ||| READING scroll labelled CUED CACOIDYLO.
  3168 | D:4      | Identified a scroll of acquirement
  3168 | D:4      | 3168 ||| ACQUIRING 1197 gold pieces
  3168 | D:4      | Acquired 1197 gold pieces
  3170 | D:4      | 3170 ||| DRINKING 3 bubbling red potions.
  3171 | D:4      | 3171 ||| READING 2 scrolls of identify.
  3171 | D:4      | 3171 ||| IDENTIFYING fuming puce potion
  3172 | D:4      | 3172 ||| DROPPING potion of ambrosia.
  3232 | D:4      | Noticed Natasha
  3243 | D:4      | Killed Natasha
  3314 | D:5      | Entered Level 5 of the Dungeon
  3348 | D:5      | 3348 ||| STAIRDANCE
  3374 | D:5      | 3374 ||| FLEEEEING.
  3375 | D:5      | 3375 ||| FLEEEEING.
  3376 | D:5      | 3376 ||| FLEEEEING.
  3377 | D:5      | 3377 ||| FLEEEEING.
  3378 | D:5      | 3378 ||| FLEEEEING.
  3379 | D:5      | 3379 ||| FLEEEEING.
  3380 | D:5      | 3380 ||| FLEEEEING.
  3381 | D:5      | 3381 ||| FLEEEEING.
  3382 | D:5      | 3382 ||| STAIRDANCE
  3587 | D:5      | Reached skill level 7 in Ranged Weapons
  3846 | D:5      | Reached XP level 7. HP: 47/59 MP: 7/7
  4002 | D:5      | Reached skill level 8 in Ranged Weapons
  4404 | D:5      | Noticed Edmund
  4418 | D:5      | HP: 14/61 [Edmund/+2 flail of holy wrath (7)]
  4419 | D:5      | 4419 ||| DRINKING 2 potions of heal wounds.
  4422 | D:5      | Killed Edmund
  4423 | D:5      | Reached skill level 3 in Dodging
  4632 | D:5      | 4632 ||| UPGRADING to +0 cloak.
  4637 | D:5      | 4637 ||| READING scroll labelled VAFONW KEQOUSABUU.
  4731 | D:5      | 4731 ||| READING scroll labelled SOMPIC BUPRAJE.
  4732 | D:5      | 4732 ||| DRINKING 2 emerald potions.
  4732 | D:5      | Gained mutation: You are agile. (Dex +4, Str/Int -1)
                  | [potion of mutation]
  4732 | D:5      | Gained mutation: You are vulnerable to heat. (rF-) [potion
                  | of mutation]
  4732 | D:5      | Gained mutation: You have an increased reservoir of magic.
                  | (+10% MP) [potion of mutation]
  4733 | D:5      | 4733 ||| DRINKING potion of mutation.
  4733 | D:5      | Lost mutation: You are agile. (Dex +4, Str/Int -1) [potion
                  | of mutation]
  4733 | D:5      | Lost mutation: You are vulnerable to heat. (rF-) [potion of
                  | mutation]
  4733 | D:5      | Gained mutation: Your skin changes colour to match your
                  | surroundings (Stealth+). [potion of mutation]
  4733 | D:5      | Gained mutation: Your skin blends seamlessly with your
                  | surroundings (Stealth++). [potion of mutation]
  4734 | D:5      | 4734 ||| READING 2 scrolls of identify.
  4734 | D:5      | 4734 ||| IDENTIFYING metallic yellow potion
  4882 | D:6      | 4882 ||| Stepping ~*~*~tactically~*~*~ (outnumbered).
  4887 | D:6      | HP: 12/61 [poisoned by a gnoll sergeant]
  4888 | D:6      | Reached XP level 8. HP: 13/68 MP: 9/9
  4888 | D:6      | 4888 ||| DRINKING potion of heal wounds.
  4892 | D:6      | HP: 14/68 [poisoned by a gnoll sergeant]
  4893 | D:6      | HP: 6/68 [gnoll/+0 halberd[a gnoll sergeant] (7)]
  4894 | D:6      | Mangled by a gnoll

Levels and vault maps discovered:
D:1:      erik_arrival_triangle_small, layout_basic, basic_ecumenical_altar,
          serial_bayou_pond_b
D:2:      layout_basic, basic_altar
D:3:      layout_loops_corners, serial_shops, nicolae_shop_crystal
D:4:      layout_cave_pools, good_gods_temple_1, nicolae_overflow_hidden_temple,
          nicolae_elevator_lobby_plus, uniq_crazy_yiuf_cottage, uniq_natasha
D:5:      kennysheep_spiral_hall, layout_loops_ring, uniq_edmund
D:6:      layout_rooms

Skill      XL: |  1  2  3  4  5  6  7 |
---------------+----------------------+-----
Ranged Weapons | 3 4 5 6 7 8 |  8.7
Fighting       | 2 3 4 5 |  5.2
Armour         | 1 |  1.2
Dodging        | 3 |  3.5
Spellcasting   | |  1.0
Hexes          | |  2.0

Action                     |  1- 3 |  4- 6 |  7- 9 || total
---------------------------+-------+-------+-------++-------
   Fire: Sling             |   135 |   120 |    81 ||   336
    Use: Scroll            |     5 |     4 |     3 ||    12
         Potion            |       |     1 |     4 ||     5
 Armour: Robe              |     4 |       |       ||     4
         Ring mail         |     8 |       |       ||     8
         Leather armour    |       |    10 |     4 ||    14
  Dodge: Dodged            |    35 |    36 |    20 ||    91

Table legend:
 A = Non-vault XP
 B = Vault XP
 C = Vault XP percentage of total XP
 D = Non-vault monster count
 E = Vault monster count
 F = Vault count percentage of total count
                 A         B        C        D         E       F
            +---------+---------+-------+---------+---------+-------
      Total |    1204 |     265 |  18.0 |      85 |       7 |   7.6
            +---------+---------+-------+---------+---------+-------
        D:1 |      35 |       2 |   5.4 |      19 |       1 |   5.0
        D:2 |      48 |       0 |   0.0 |      17 |       0 |   0.0
        D:3 |      29 |       0 |   0.0 |      10 |       0 |   0.0
        D:4 |     354 |      35 |   9.0 |      22 |       1 |   4.3
        D:5 |     485 |     228 |  32.0 |      12 |       5 |  29.4
        D:6 |     253 |       0 |   0.0 |       5 |       0 |   0.0
            +---------+---------+-------+---------+---------+-------
